 Dungeon Crawl Stone Soup version 0.28.0-53-g5a82cb258f (webtiles) character file.

Game seed: 7414261940167925031

3116 jamesblauser the Basher (level 9, 0/57 HPs)
             Began as a Gargoyle Berserker on Nov 5, 2022.
             Was an Elder of Trog (penitent).
             Slain by an orc warrior
             ... wielding a +0 glaive
              (4 damage)
             ... on level 9 of the Dungeon.
             The game lasted 01:03:28 (6277 turns).

jamesblauser the Basher (Gargoyle Berserker)        Turns: 6277, Time: 01:03:29

Health: 0/57       AC: 21    Str: 24    XL:     9   Next: 91%
Magic:  18/18      EV:  9    Int:  9    God:    Trog [****..]
Gold:   220        SH:  0    Dex: 15    Spells: 6/8 levels left

rFire   . . .      SeeInvis .   e - +1 morningstar
rCold   . . .      Faith    +   (no shield)
rNeg    + . .      Spirit   .   q - +0 chain mail
rPois   ∞          Reflect  .   b - +0 helmet
rElec   +          Harm     .   (no cloak)
rCorr   .          Rampage  .   h - +0 pair of gloves
Will    .....                   w - +1 pair of boots
Stlth   ..........              d - amulet of faith
HPRegen 0.19/turn               i - +6 ring of dexterity
MPRegen 0.16/turn               o - ring of magical power

@: confused
A: sickness immunity, AC +6, negative energy resistance 1, electricity
resistance, torment resistance 1, petrification resistance
a: Renounce Religion


You were on level 9 of the Dungeon.
You worshipped Trog.
Trog was demanding penance.
You visited 1 branch of the dungeon, and saw 9 of its levels.

You collected 220 gold pieces.

Inventory:

Hand Weapons
 a - a +0 mace of protection {morningstar}
 e - a +1 morningstar (weapon)
 m - a +1 hand axe of freezing {morningstar}
 r - a +0 arbalest
 t - a +1 dagger of venom {morningstar}
Missiles
 c - 23 bolts
 f - 3 curare-tipped darts
 j - 23 poisoned darts (quivered)
 n - a throwing net
Armour
 b - a +0 helmet (worn)
 g - a +0 pair of boots
 h - a +0 pair of gloves (worn)
 q - a +0 chain mail (worn)
 w - a +1 pair of boots (worn)
Jewellery
 d - an amulet of faith (around neck)
 i - a +6 ring of dexterity (left hand)
 o - a ring of magical power (right hand)
Scrolls
 l - 2 scrolls of identify
 p - a scroll of fog
 u - a scroll of summoning
 v - a scroll of enchant armour {unknown}
Potions
 k - a potion of degeneration
 s - 3 potions of curing


   Skills:
 + Level 7.1 Fighting
 + Level 10.3 Maces & Flails
 + Level 1.7 Throwing
 + Level 5.9 Armour
 + Level 3.1 Dodging
 + Level 1.1 Stealth
 + Level 2.4 Evocations


You had 6 spell levels left.
You knew the following spells:

 Your Spells              Type           Power      Damage    Failure   Level
a - Call Imp              Summ           0%         N/A       98%         2

Your spell library contained the following spells:

 Spells                   Type           Power      Damage    Failure   Level
 Magic Dart               Conj           0%         1d3       95%         1
 Ensorcelled Hibernation  Hex/Ice        0%         N/A       98%         2
 Passwall                 Tmut/Erth      0%         N/A       98%         2
 Mephitic Cloud           Conj/Pois/Air  0%         N/A       100%        3
 Swiftness                Air            0%         N/A       100%        3


Dungeon Overview and Level Annotations

Branches:
Dungeon (9/15)             Temple (0/1) D:6
   Lair: D:8-11         Orc: D:9-12

Altars:
Dithmenos
Yredelemnul


Innate Abilities, Weirdness & Mutations

You are immune to sickness and miasma.
Your stone body is resilient. (AC +6)
You are immune to poison.
You resist negative energy. (rN+)
You are resistant to electric shocks. (rElec)
You are resistant to unholy torment.
You are immune to petrification.


Message History

* * * LOW HITPOINT WARNING * * *
A gnoll comes into view. It is wielding a +0 whip.
Found a stone staircase leading down.
The gargoyle hurls a stone arrow at you.
The stone arrow hits you!
* * * LOW HITPOINT WARNING * * *
A gnoll comes into view. It is wielding a +0 club.
The gnoll shouts!
You hear a shout!
A gnoll comes into view. It is wielding a +0 flail.
An orc wizard, an orc and a gnoll come into view.
The orc wizard shouts!
The gnoll shouts!
The orc moves out of view.
A gnoll sergeant comes into view. It is wielding a +7 spear of pain.
Found a stone staircase leading down.
The gnoll sergeant shouts!
A gnoll comes into view. It is wielding a +0 club.
Found a dagger.
The gnoll shouts!
The orc wizard casts a spell at you.
You are confused.
An orc warrior comes into view. It is wielding a +0 war axe.
The gnoll hits you with a +0 club.
* * * LOW HITPOINT WARNING * * *
An orc priest comes into view. It is wielding a +0 dagger.
The orc warrior shouts!
The gnoll hits you but does no damage. x2; The gnoll barely misses you.
The gnoll hits you but does no damage. The orc wizard casts a spell at you.
You are more confused.
The gnoll hits you but does no damage.
The orc priest looks encouraged for a moment.
The gnoll hits you with a +0 club.
* * * LOW HITPOINT WARNING * * *
You impale the gnoll!!
You kill the gnoll!
Trog accepts your kill.
The gnoll hits you but does no damage. x3
The orc wizard barely misses you. The orc hits you but does no damage.
The orc warrior hits you from afar with a +0 glaive.
You die...

.....................#
................g....#
.......#+#+####......#
.......# ####o..#####
.......# #.g......
.......# #gg.#####
#####..# ###o..# #..#
#.g9..# #..#
####@o...# #..#
#..oggo..#
........g.g.....
......o...g......
.................
....o............
........>........
............)....
#..............


You could see 2 orc warriors, a gargoyle, 2 gnoll sergeants, an orc priest, an
orc wizard, 7 gnolls and 2 orcs.

Vanquished Creatures
  The ghost of Jingleheimer the Carver, a novice MiFi of Cheibriados (D:6)
  A hornet (D:9)
  Sigmund (D:5)
  4 yaks (D:6)
  A water moccasin (D:7)
  A sky beast (D:6)
  An ice beast (D:6)
  A black bear (D:6)
  2 ogres
  A necrophage (D:6)
  A kobold brigand (D:6)
  A wyvern zombie (D:5)
  A scorpion (D:6)
  3 water moccasin zombies (D:5)
  A howler monkey (D:9)
  2 bullfrog zombies (D:5)
  A centaur zombie (D:5)
  A jelly (D:4)
  2 orc priests (D:6)
  2 hounds
  An iguana (D:4)
  Ijyb (D:5)
  5 orc wizards
  Terence (D:3)
  5 gnolls
  4 adders
  A white imp (D:6)
  2 ufetubi (D:5)
  A worm (D:2)
  4 dart slugs
  30 orcs
  7 ball pythons
  5 bats
  6 endoplasms
  6 giant cockroaches
  4 goblins
  8 hobgoblins
  13 kobolds
  A quokka (D:1)
  4 frilled lizards
  9 rats
147 creatures vanquished.

Vanquished Creatures (others)
  2 fungi
  17 plants
19 creatures vanquished.

Grand Total: 166 creatures vanquished

Notes
Turn   | Place    | Note
-------+----------+-------------------------------------------
     0 | D:1      | jamesblauser the Gargoyle Berserker began the quest for the
                  | Orb.
     0 | D:1      | Reached XP level 1. HP: 14/14 MP: 1/1
   203 | D:1      | Reached XP level 2. HP: 11/19 MP: 2/2
   321 | D:1      | Found a faded altar of an unknown god.
   577 | D:1      | Reached ** piety under Trog
   922 | D:2      | Reached XP level 3. HP: 23/23 MP: 3/3
  1564 | D:2      | Found a shadowy altar of Dithmenos.
  1679 | D:3      | Reached skill level 4 in Maces & Flails
  1679 | D:3      | Reached skill level 1 in Stealth
  1679 | D:3      | Reached XP level 4. HP: 28/29 MP: 4/4
  2124 | D:3      | Reached *** piety under Trog
  2306 | D:3      | Noticed Terence
  2314 | D:3      | Killed Terence
  2315 | D:3      | Reached XP level 5. HP: 33/33 MP: 5/5
  3425 | D:4      | Reached skill level 5 in Maces & Flails
  3571 | D:4      | Reached XP level 6. HP: 38/38 MP: 6/6
  4205 | D:5      | Entered Level 5 of the Dungeon
  4234 | D:5      | Reached skill level 6 in Maces & Flails
  4480 | D:5      | Reached XP level 7. HP: 44/44 MP: 7/7
  4574 | D:5      | Noticed Ijyb
  4593 | D:5      | Killed Ijyb
  4633 | D:5      | Found a basalt altar of Yredelemnul.
  4653 | D:5      | Reached skill level 7 in Maces & Flails
  4653 | D:5      | Reached skill level 1 in Evocations
  4688 | D:5      | Reached XP level 8. HP: 32/48 MP: 8/8
  4822 | D:5      | Noticed Sigmund
  4829 | D:5      | Killed Sigmund
  4830 | D:5      | Reached skill level 5 in Fighting
  4980 | D:6      | Found a runed translucent gate.
  4980 | D:6      | Found a runed translucent gate.
  5010 | D:6      | Reached skill level 8 in Maces & Flails
  5017 | D:6      | Reached **** piety under Trog
  5036 | D:6      | Found a runed translucent gate.
  5036 | D:6      | Noticed Jingleheimer's ghost (novice MiFi)
  5065 | D:6      | Killed Jingleheimer's ghost
  5114 | D:6      | Reached skill level 9 in Maces & Flails
  5114 | D:6      | Reached XP level 9. HP: 51/55 MP: 9/9
  5174 | D:6      | Found a staircase to the Ecumenical Temple.
  5192 | D:6      | Reached skill level 5 in Armour
  5211 | D:6      | Reached skill level 1 in Throwing
  5345 | D:6      | Reached skill level 10 in Maces & Flails
  5738 | D:6      | Was placed under penance by Trog
  5741 | D:6      | Learned a level 2 spell: Call Imp
  6227 | D:9      | Noticed a hornet
  6232 | D:9      | Killed a hornet
  6249 | D:9      | Noticed a gargoyle
  6277 | D:9      | Slain by an orc warrior

Illustrated notes

Levels and vault maps discovered:
D:1:      dpeg_arrival_three_smaller_balls, layout_loops_ring,
          shapermc_ecumenical_altar_mp_ritualfount, dk_noncrumbling_2,
          grunt_decor_cap
D:2:      layout_basic, basic_altar, grunt_ministairs_14, minmay_pentomino_v4
D:3:      minmay_chambers_of_twos, layout_basic, roderic_lattice_a,
          solitary_fountain, kennysheep_minor_cross, grunt_ministairs_14,
          chequers_jeans, uniq_crazy_yiuf_cottage, uniq_terence
D:4:      layout_loops_cross, hex_medium
D:5:      layout_cave_pools, nicolae_yredelemnul_corpse_copse,
          minmay_misc_feat_five, grunt_decor_arrowhead, uniq_sigmund, uniq_ijyb
D:6:      layout_loops_ring, temple_doors_e, ebering_ghost_rock_garden
D:7:      layout_basic
D:8:      layout_rooms, david_lair_shrubbed, kennysheep_generic_room_14
D:9:      layout_irregular_city, nicolae_looking_at_the_future

Skill      XL: |  1  2  3  4  5  6  7  8  9 |
---------------+----------------------------+-----
Dodging        | 2 3 |  3.1
Maces & Flails | 4 5 6 7 9 10 | 10.3
Stealth        | 1 |  1.1
Fighting       | 4 5 7 |  7.1
Armour         | 3 4 5 |  5.9
Evocations     | 1 2 |  2.4
Throwing       | 1 |  1.7

Action                   |  1- 3 |  4- 6 |  7- 9 || total
-------------------------+-------+-------+-------++-------
Melee: Mace              |   108 |    67 |       ||   175
       Punch             |     2 |     2 |     4 ||     8
       Morningstar       |       |   100 |   209 ||   309
Throw: Dart              |       |     8 |    11 ||    19
Invok: Trog's Hand       |     1 |     1 |     7 ||     9
       Berserk           |       |     6 |     3 ||     9
Evoke: Wand              |       |     6 |    15 ||    21
  Use: Scroll            |     6 |     8 |     2 ||    16
       Potion            |     6 |     2 |       ||     8
 Stab: Sleeping          |     1 |       |       ||     1
Armor: Animal skin       |    53 |     8 |       ||    61
       Leather armour    |       |    10 |       ||    10
       Scale mail        |       |     1 |       ||     1
       Chain mail        |       |    60 |   171 ||   231
Dodge: Dodged            |    92 |    96 |    96 ||   284
